Map: Dusk Towers

Players

FinnsoN - Winner!

  • Race: Terran Terran
  • League: Master

Mustitier

  • Race: Terran Terran
  • League: Master

VOD

Have the link to the VOD?

Description

Time

  • Played on: July 10, 2016, 2:16 p.m.
  • Length: 13:11
Show
View Real Time Build Order
Export as new Build Order

FinnsoN Terran - Winner!

Build Orders: Reaper Expand, MMM Bio 

Get SALT Encoding   

  12  0:00  SCV  
  13  0:12  SCV  
  14  0:17  Supply Depot  
  14  0:24  SCV  
  15  0:39  SCV  
  15  0:40  Barracks  
  16  0:46  Refinery  
  16  0:51  SCV  
  17  1:03  SCV  
  18  1:15  SCV  
  19  1:29  Orbital Command, Reaper  
  20  1:43  Command Center  
  20  1:56  Supply Depot, SCV  
  21  2:01  Reaper  
  21  2:08  SCV  
  23  2:20  SCV  
  24  2:24  Factory  
  24  2:29  Refinery  
  24  2:32  SCV  
  25  2:38  Marine  
  26  2:44  SCV  
  27  2:55  Orbital Command  
  27  2:56  SCV, Barracks Reactor  
  28  3:08  SCV, Hellion  
  28  3:09  Starport  
  31  3:15  Supply Depot  
  31  3:20  SCV  
  32  3:29  Hellion  
  32  3:31  SCV  
  32  3:33  SCV  
  31  3:41  Marine  
  31  3:42  Marine  
  31  3:44  SCV  
  34  3:51  Hellion  
  34  3:52  SCV  
  37  3:59  Marine  
  38  4:05  SCV  
  38  4:07  Marine  
  38  4:08  SCV  
  40  4:11  Viking  
  40  4:15  Command Center  
  40  4:16  Factory Tech Lab  
  41  4:18  SCV  
  41  4:21  Supply Depot, SCV  
  43  4:25  Marine x2  
  43  4:30  SCV  
  46  4:35  Siege Tank  
  46  4:36  SCV  
  50  4:41  Medivac  
  50  4:42  SCV  
  50  4:45  Supply Depot  
  53  4:48  SCV, Engineering Bay  
  53  4:49  Marine  
  55  4:54  SCV  
  54  5:01  SCV, Marine  
  54  5:06  SCV  
  57  5:07  Marine  
  57  5:09  Siege Tank  
  57  5:13  Supply Depot, SCV  
  62  5:18  SCV  
  62  5:19  Marine  
  62  5:20  Starport Reactor  
  64  5:22  Barracks  
  64  5:24  Refinery  
  64  5:25  SCV, Barracks  
  65  5:28  Marine  
  65  5:30  Orbital Command  
  65  5:33  SCV  
  65  5:34  Terran Infantry Weapons Level 1  
  67  5:37  Marine  
  67  5:40  SCV  
  69  5:44  Supply Depot  
  69  5:45  SCV  
  69  5:46  Marine  
  71  5:54  SCV  
  71  5:55  Marine  
  73  5:58  SCV  
  73  6:00  SCV  
  75  6:06  Marine, SCV  
  75  6:10  SCV  
  77  6:12  SCV  
  77  6:15  Barracks Tech Lab x2  
  76  6:18  SCV  
  76  6:23  Marine, Medivac  
  76  6:24  SCV  
  75  6:30  SCV  
  76  6:34  SCV  
  76  6:36  Combat Shields, Stimpack  
  77  6:40  SCV, Barracks  
  77  6:43  Marine, Barracks  
  77  6:45  SCV  
  79  6:49  Marine  
  79  6:53  SCV, Orbital Command  
  81  7:03  Marine x2  
  81  7:04  Medivac x2, Refinery  
  81  7:05  Marine  
  81  7:06  Marine  
  89  7:09  Engineering Bay  
  89  7:10  SCV  
  89  7:12  Armory  
  89  7:13  Refinery  
  90  7:15  Refinery  
  90  7:18  SCV  
  90  7:21  Marine x2  
  90  7:22  SCV  
  94  7:27  Marine, SCV  
  94  7:29  Factory  
  96  7:30  Barracks  
  96  7:31  Barracks  
  96  7:33  Missile Turret  
  96  7:34  SCV  
  96  7:35  Missile Turret  
  97  7:41  Marine  
  97  7:42  Barracks Reactor  
  97  7:43  Barracks Reactor  
  98  7:48  Marine x2  
  98  7:51  SCV  
  101  7:55  Supply Depot  
  101  7:57  Terran Infantry Armor Level 1  
  101  8:13  Supply Depot  
  101  8:14  Marine x2, Medivac x2, SCV x2  
  101  8:15  Sensor Tower  
  101  8:16  Terran Infantry Weapons Level 2, Marine  
  101  8:17  Siege Tank  
  101  8:18  SCV  
  114  8:21  Marine  
  114  8:22  Barracks Reactor  
  114  8:23  Barracks Reactor  
  114  8:24  Factory Tech Lab  
  114  8:25  Marine x2  
  117  8:33  Supply Depot  
  117  8:35  Marine x2, SCV x3  
  117  8:36  Supply Depot  
  117  8:38  Supply Depot  
  117  8:39  Marine  
  117  8:40  Marine  
  124  8:44  Missile Turret  
  124  8:45  Missile Turret  
  124  8:47  Marine, Terran Vehicle Weapons Level 1  
  124  8:48  Missile Turret  
  125  8:49  Missile Turret  
  125  8:55  Marine x4, Siege Tank  
  132  8:58  Medivac x2  
  132  8:59  Marine x3  
  139  9:03  Marine  
  140  9:13  Command Center  
  140  9:16  Missile Turret  
  140  9:17  Missile Turret  
  140  9:20  Marine, Missile Turret  
  140  9:21  Missile Turret  
  140  9:24  Siege Tank  
  144  9:26  Marine x2  
  144  9:27  Marine  
  144  9:31  Marine x2  
  149  9:36  Medivac  
  149  9:37  Marine x2  
  143  9:40  Marine  
  136  9:48  Marine x2, Siege Tank  
  136  9:49  Marine x5  
  145  10:00  Marine  
  145  10:01  SCV x2  
  145  10:04  Marine  
  149  10:14  Marine x3  
  149  10:15  Marine, Medivac x2  
  149  10:16  Supply Depot x2  
  149  10:18  Supply Depot  
  149  10:19  Supply Depot  
  149  10:20  Supply Depot  
  157  10:23  Supply Depot  
  157  10:24  Marine  
  158  10:31  Marine x2  
  160  10:44  Marine x2  
  160  10:45  Viking x2  
  160  10:46  Starport  
  166  10:50  Marine x2  
  166  10:54  Planetary Fortress  
  166  10:56  SCV x2  
  170  10:58  SCV  
  170  11:01  Sensor Tower  
  170  11:03  Marine x2  
  170  11:04  Marine  
  174  11:08  SCV x2  
  176  11:12  Marine x3, Factory  
  176  11:13  Marine  
  176  11:14  Marine  
  181  11:23  Missile Turret  
  181  11:24  Marine  
  182  11:28  Missile Turret  
  182  11:29  Marine x4  
  186  11:36  Marine x3  
  186  11:37  Marine, Siege Tank  
  187  11:46  Viking x2  
  190  11:47  Marine x4  
  190  11:50  Marine  
  190  11:53  Marine, Siege Tank  
  190  11:54  Marine x3  
  191  11:58  Marine  
  191  11:59  Marine x2  
  191  12:01  Orbital Command  
  191  12:07  Marine x2  
  189  12:08  Marine x2  
  189  12:09  Marine, Siege Tank  
  187  12:16  Supply Depot  
  187  12:17  Supply Depot  
  187  12:18  Supply Depot x2  
  187  12:20  Factory Tech Lab  
  181  12:31  Marine x2  
  180  12:37  Marine x8  
  180  12:38  Marine x2, Siege Tank  
  189  12:49  Marine x2  
Show
View Real Time Build Order
Export as new Build Order

Mustitier Terran 

Build Orders:  

Get SALT Encoding   

  12  0:01  SCV  
  13  0:13  SCV  
  14  0:17  Supply Depot  
  14  0:25  SCV  
  15  0:39  SCV  
  16  0:48  Barracks  
  16  0:50  Refinery  
  16  0:51  SCV  
  17  1:03  SCV  
  18  1:15  SCV  
  19  1:27  SCV  
  20  1:36  Reaper  
  21  1:42  Orbital Command  
  21  1:47  Command Center  
  21  2:00  Supply Depot  
  21  2:07  SCV  
  22  2:09  Reaper  
  23  2:21  SCV  
  24  2:33  Factory, SCV  
  25  2:46  SCV  
  25  2:50  Command Center  
  26  2:53  Barracks Reactor  
  26  2:56  Refinery  
  26  2:58  SCV  
  27  3:01  Orbital Command  
  27  3:10  SCV  
  28  3:22  SCV  
  28  3:24  Starport  
  29  3:34  SCV  
  29  3:36  Marine x2  
  28  3:46  SCV  
  27  3:53  Hellion  
  27  3:54  Marine x2  
  29  3:58  SCV  
  27  4:16  SCV  
  28  4:17  SCV  
  29  4:24  Orbital Command  
  29  4:27  Factory Tech Lab  
  29  4:29  SCV  
  29  4:30  SCV  
  31  4:37  Medivac  
  33  4:40  Marine x2  
  33  4:41  SCV  
  33  4:42  SCV  
  37  4:48  Siege Tank  
  37  4:51  SCV  
  41  4:53  SCV  
  41  4:54  SCV  
  43  5:03  SCV  
  43  5:05  SCV  
  43  5:06  Marine x2  
  45  5:08  SCV  
  46  5:15  SCV  
  46  5:17  SCV  
  46  5:18  Engineering Bay x2  
  46  5:21  SCV  
  49  5:22  Starport Reactor  
  49  5:23  Barracks  
  49  5:25  Barracks  
  49  5:27  Marine x2, SCV  
  52  5:29  SCV  
  52  5:32  Supply Depot  
  52  5:33  Supply Depot, SCV  
  54  5:39  SCV  
  54  5:42  Supply Depot, SCV  
  56  5:45  SCV, Terran Infantry Weapons Level 1, Marine  
  56  5:47  Terran Infantry Armor Level 1  
  58  5:50  Refinery  
  58  5:55  SCV  
  55  6:07  Marine  
  55  6:08  Marine  
  55  6:12  SCV, Orbital Command  
  54  6:25  Marine  
  54  6:28  Marine  
  54  6:30  Barracks Reactor, Barracks Tech Lab  
  56  6:36  Barracks  
  56  6:38  Barracks  
  55  6:43  Marine, Siege Tank  
  55  6:46  Marine  
  60  6:53  SCV x3  
  61  6:56  Marine  
  61  7:00  Stimpack  
  61  7:01  Marine  
  62  7:04  Marine  
  64  7:08  Marine x2, Refinery  
  64  7:10  Armory  
  64  7:12  Medivac  
  64  7:14  Marine, SCV  
  70  7:19  Marine  
  70  7:20  SCV, Missile Turret  
  70  7:21  Missile Turret  
  70  7:22  SCV, Marine  
  74  7:26  Marine, SCV, Barracks Reactor  
  74  7:27  Barracks Reactor  
  76  7:32  SCV  
  76  7:34  SCV  
  78  7:39  SCV  
  78  7:44  SCV  
  80  7:47  SCV  
  80  7:49  Marine x2  
  80  7:50  Marine x2  
  85  7:54  Supply Depot x2  
  85  7:56  Terran Infantry Weapons Level 2, Supply Depot  
  85  7:57  Marine, SCV x2  
  88  8:01  Terran Infantry Armor Level 2  
  89  8:05  Orbital Command  
  89  8:07  Marine x3  
  89  8:08  Marine  
  89  8:09  SCV  
  93  8:18  Supply Depot x2  
  93  8:19  Supply Depot  
  93  8:21  Sensor Tower  
  93  8:22  Terran Vehicle Weapons Level 1  
  93  8:26  SCV  
  94  8:28  SCV  
  94  8:31  SCV  
  96  8:37  Medivac  
  96  8:38  SCV  
  96  8:41  SCV, Medivac  
  102  8:43  SCV  
  102  8:45  Marine x5, Refinery  
  102  8:46  Marine x3  
  102  8:47  Marine  
  102  8:48  Refinery  
  112  8:50  SCV  
  112  8:53  SCV  
  114  8:58  SCV  
  114  9:00  Combat Shields  
  114  9:02  Supply Depot  
  115  9:03  SCV, Marine x4  
  115  9:04  Supply Depot  
  115  9:06  SCV  
  115  9:07  Marine x3, Medivac  
  115  9:08  Marine x2  
  128  9:11  Medivac  
  130  9:20  Marine  
  130  9:21  Marine x2  
  130  9:22  Command Center  
  133  9:24  Marine  
  133  9:25  Supply Depot, Marine  
  133  9:28  Siege Tank  
  133  9:29  SCV  
  107  9:51  Marine x3  
  101  9:53  Orbital Command  
  101  9:56  Marine  
  101  9:57  Marine x5  
  101  10:00  Siege Tank  
  104  10:09  Marine x3  
  104  10:10  Medivac x2  
  111  10:14  Marine x3  
  111  10:15  Marine x3  
  111  10:19  Refinery  
  117  10:27  Marine x3, Terran Infantry Weapons Level 3  
  120  10:32  Marine x2  
  122  10:36  Marine x3  
  122  10:37  Marine  
  122  10:40  Medivac x2  
  130  10:45  Marine  
  130  10:47  Marine x2  
  133  10:50  Marine  
  133  10:51  Marine  
  133  10:54  Marine x4  
  139  11:02  Marine  
  139  11:04  Marine  
  139  11:05  Marine  
  139  11:08  Marine x2  
  143  11:12  Marine x2  
  143  11:14  Marine  
  143  11:15  Marine  
  147  11:20  Marine, Bunker  
  147  11:22  Marine x2, Siege Tank  
  153  11:25  Marine  
  153  11:26  Marine  
  153  11:29  Marine  
  153  11:30  Marine  
  153  11:32  Marine  
  157  11:33  Marine  
  157  11:38  Marine  
  148  11:41  Marine  
  148  11:43  Marine  
  148  11:44  Marine  
  147  11:50  Marine x2  
  144  11:54  Siege Tank  
  144  11:56  Marine  
  148  12:02  Marine  
  143  12:08  Marine  
  143  12:14  Marine  
  136  12:20  Marine  
  128  12:26  Marine, Siege Tank  
  132  12:31  Marine  
  123  12:37  Marine  
  124  12:44  Marine  
  124  12:49  Marine  
  124  12:51  Refinery  
  124  12:57  Barracks x2  
  121  12:58  Barracks  
  121  12:59  Barracks  
Tags
 
Add a new tag
Caveats
  • Supply blocks, unpowered buildings, or Contaminate may cause inaccurate times.
  • Supply counts are checked every 10 seconds.